 Dungeon Crawl Stone Soup version 0.17-a0-977-g4154171 (webtiles) character file.

64 inmateoo the Gusty (level 3, 0/27 HPs)
             Began as a Demigod Air Elementalist on May 10, 2015.
             Succumbed to an adder's poison
             ... on level 2 of the Dungeon.
             The game lasted 00:03:37 (1733 turns).

inmateoo the Gusty (Demigod Air Elementalist)       Turns: 1733, Time: 00:03:37

Health: 0/27       AC:  3    Str: 11    XL:     3   Next: 64%
Magic:  4/8        EV: 13    Int: 21    God:
Gold:   62         SH:  0    Dex: 16    Spells: 2 memorised, 2 levels left

rFire  + . .     SeeInvis .     f - +0 dagger (venom)
rCold  + . .     Clarity  .     a - +0 robe
rNeg   . . .     SustAb   +     (no shield)
rPois  +         Gourm    .     (no helmet)
rElec  +         Spirit   .     (no cloak)
rCorr  +         Warding  .     e - +0 pair of gloves
rMut   .         Stasis   .     (no boots)
MR     .....                    (no amulet)
Stlth  ++........               (no ring)
                                (no ring)

@: lethally poisoned (0 -> -5), resistant, not resistant to hostile
enchantments, unstealthy
A: high mp 1, sustain abilities
a: no special abilities


You were on level 2 of the Dungeon.
You were not hungry.

You visited 1 branch of the dungeon, and saw 2 of its levels.

You collected 62 gold pieces.

Inventory:

Hand weapons
 f - a +0 dagger of venom (weapon)
Armour
 a - a +0 robe (worn)
 e - a +0 pair of gloves (worn)
Scrolls
 d - a scroll of recharging {unknown}
Potions
 g - 2 potions of resistance
Books
 b - a book of Air

   Spells                             Type                      Level
   a - Shock                          Conjuration/Air              1
   b - Swiftness                      Charms/Air                   2
   c - Repel Missiles                 Charms/Air                   2
   d - Flight                         Charms/Air                   3
   e - Static Discharge               Conjuration/Air              3
   f - Lightning Bolt                 Conjuration/Air              5
Comestibles
 c - 3 bread rations
 h - a royal jelly
 i - a chunk of flesh


   Skills:
 + Level 0.6 Fighting
 * Level 1.4 Short Blades
 + Level 2.2 Dodging
 + Level 2.1 Stealth
 + Level 1.9 Spellcasting
 + Level 1.4 Conjurations
 + Level 3.0 Air Magic


You had 2 spell levels left.
You knew the following spells:

 Your Spells              Type           Power        Failure   Level  Hunger
a - Shock                 Conj/Air       ##..         8%          1    #......
b - Repel Missiles        Chrm/Air       #.....       12%         2    ##.....


Dungeon Overview and Level Annotations

Branches:
Dungeon (2/15)


Innate Abilities, Weirdness & Mutations

You have an increased reservoir of magic (+10% MP).
Your attributes are resistant to harm.


Message History

Confirm with . or Enter, or press ? or * to list all spells.
Aiming: Shock
Press: ? - help, Shift-Dir - straight line, f/p - adder
Aim: an adder (almost dead, poisoned)
The zap misses the adder.
* * * LOW HITPOINT WARNING * * *
You feel sick. The adder bites you but does no damage. The adder bites you.
* * * LOW HITPOINT WARNING * * *
You hit the adder.
You kill the adder!
Drink which item? (? for menu, Esc to quit)
It was a potion of resistance.
You feel protected.
* * * LOW HITPOINT WARNING * * *
You feel sick.
* * * LOW HITPOINT WARNING * * *
You feel sick.
* * * LOW HITPOINT WARNING * * *
You feel sick.
You die...

## ##### .. $..###
##.## #####...
....##......##########
#...................
#@# #..###.####### #.#
#..†..........
#.###..###).######
#......# #..#.....
##..##.# #..#.####
#..##.# #.(# #######
##.# ### .. #..
####.##


There were no monsters in sight!

Vanquished Creatures
  2 adders (D:2)
  5 goblins (D:1)
  5 hobgoblins
  5 bats
  2 giant geckos (D:1)
  A giant newt (D:1)
  10 jackals (D:1)
  6 kobolds
  2 rats (D:1)
38 creatures vanquished.

Notes
Turn   | Place    | Note
--------------------------------------------------------------
     0 | D:1      | inmateoo, the Demigod Air Elementalist, began the quest for the Orb.
     0 | D:1      | Reached XP level 1. HP: 14/14 MP: 5/5
   200 | D:1      | Reached skill level 1 in Conjurations
   287 | D:1      | Reached XP level 2. HP: 11/20 MP: 7/7
   299 | D:1      | Reached skill level 3 in Air Magic
   483 | D:1      | Learned a level 2 spell: Repel Missiles
  1294 | D:1      | Reached XP level 3. HP: 15/27 MP: 6/8
  1629 | D:2      | Reached skill level 1 in Short Blades
  1638 | D:2      | Found a white marble altar of Elyvilon.
  1644 | D:2      | HP: 1/27 [poisoned by an adder]
  1728 | D:2      | HP: 1/27 [poisoned by an adder]
  1733 | D:2      | Succumbed to an adder's poison

Vault maps used:
D:1:      dpeg_arrival_more_subterranean_lakeside_camping
D:2:      nicolae_overflow_crystal_walls, first_bread, lemuel_statue_altar,
          uniq_crazy_yiuf_cottage

Action                   || total
-------------------------++-------
Melee: Dagger            ||    90
 Cast: Shock             ||    29
  Use: Potion            ||     2
       Scroll            ||     1
  Eat: Chunk             ||     3
